Map: Blackpink LE

Players

Kozzy

  • Race: Protoss Protoss
  • League: Gold
  • Spawn Location: 7:00

Yaokuikatl - Winner!

  • Race: Terran Terran
  • League: Gold
  • Spawn Location: 1:00

VOD

Have the link to the VOD?

Description

Time

  • Played on: April 5, 2018, 10:45 a.m.
  • Length: 16:53
Show
View Real Time Build Order
Export as new Build Order

Kozzy Protoss 

Build Orders:  

Get SALT Encoding   

  12  0:01  Probe  
  13  0:13  Probe  
  14  0:23  Pylon  
  14  0:25  Probe  
  15  0:41  Probe (Chrono Boost)  
  16  0:44  Gateway  
  16  0:52  Assimilator  
  16  0:53  Probe (Chrono Boost)  
  17  0:58  Probe (Chrono Boost)  
  18  1:08  Probe (Chrono Boost)  
  19  1:19  Assimilator  
  19  1:20  Probe (Chrono Boost)  
  20  1:26  Pylon  
  20  1:29  Probe (Chrono Boost)  
  21  1:32  Cybernetics Core  
  21  1:34  Probe  
  22  1:46  Probe  
  23  2:11  Stalker (Chrono Boost), Warp Gate  
  23  2:12  Forge  
  25  2:16  Gateway  
  25  2:21  Probe  
  26  2:23  Pylon  
  26  2:33  Probe  
  27  2:38  Stalker (Chrono Boost)  
  27  2:42  Shield Battery  
  27  2:43  Protoss Ground Weapons Level 1 (Chrono Boost)  
  29  3:03  Gateway  
  29  3:09  Pylon  
  29  3:15  Stalker  
  31  3:20  Pylon  
  31  3:23  Stalker  
  33  3:38  Pylon  
  33  3:48  Stalker  
  35  4:00  Stalker  
  37  4:11  Gateway  
  37  4:19  Pylon  
  37  4:30  Photon Cannon  
  37  4:48  Twilight Council  
  37  4:49  Stalker  
  37  4:51  Stalker x2  
  43  4:58  Pylon  
  43  5:14  Pylon  
  43  5:21  Protoss Ground Weapons Level 2 (Chrono Boost)  
  43  5:22  Blink (Chrono Boost)  
  37  5:41  Stalker  
  37  5:42  Stalker x2  
  39  5:43  Stalker  
  41  6:03  Shield Battery  
  41  6:05  Stalker x2  
  45  6:20  Stalker  
  45  6:21  Stalker  
  49  6:33  Gateway  
  49  6:49  Stalker x2  
  49  6:51  Stalker  
  55  7:13  Charge (Chrono Boost)  
  55  7:26  Zealot x4  
  63  7:46  Zealot x2  
  63  7:47  Zealot  
  69  7:55  Zealot  
  71  8:04  Zealot  
  35  8:42  Zealot  
  35  8:43  Zealot x3  
  39  9:38  Stalker  
  37  9:41  Nexus  
  37  9:55  Stalker  
  39  10:09  Stalker  
  41  10:21  Dark Shrine  
  41  10:39  Stalker  
  43  10:51  Stalker  
  45  11:02  Stalker  
  47  11:11  Stalker  
  49  11:35  Dark Templar x3  
  55  11:40  Dark Templar  
  51  12:28  Stalker x4  
  59  12:39  Photon Cannon  
  59  12:47  Shield Battery  
  59  12:51  Dark Templar  
  59  12:55  Archon  
  61  13:03  Zealot x3  
  67  13:08  Assimilator  
  67  13:10  Assimilator  
  67  13:24  Zealot x3  
  67  13:25  Zealot  
  75  13:41  Probe (Chrono Boost)  
  77  13:42  Probe (Chrono Boost)  
  77  13:51  Dark Templar x2  
  77  13:52  Zealot x2  
  77  13:53  Probe x2 (Chrono Boost)  
  77  13:55  Archon  
  87  14:12  Pylon  
  87  14:15  Pylon  
  87  14:22  Templar Archives  
  87  14:26  Zealot x2  
  91  14:40  Dark Templar x2  
  95  14:45  Archon  
  95  14:50  Zealot  
  95  14:51  Zealot  
  99  15:10  Pylon  
  99  15:14  Gateway, High Templar x2  
  99  15:15  High Templar x2  
  99  15:18  Archon  
  99  15:19  Archon  
  107  15:26  Pylon  
  107  15:34  Robotics Facility  
  107  15:42  Pylon  
  105  16:30  High Templar x2  
  105  16:32  Zealot x3  
  113  16:34  Archon  
Show
View Real Time Build Order
Export as new Build Order

Yaokuikatl Terran - Winner!

Build Orders:  

Get SALT Encoding   

  12  0:01  SCV  
  13  0:13  SCV  
  14  0:18  Supply Depot  
  14  0:25  SCV  
  15  0:34  Supply Depot  
  15  0:39  SCV  
  16  0:48  Barracks  
  16  0:51  SCV  
  17  1:04  Refinery  
  17  1:06  Refinery  
  17  1:07  SCV  
  18  1:19  SCV  
  19  1:37  SCV  
  20  1:42  Marine  
  20  1:43  Supply Depot  
  21  1:49  SCV  
  21  1:52  Factory  
  22  2:06  Supply Depot  
  22  2:15  SCV  
  23  2:25  Barracks Reactor  
  23  2:27  SCV  
  24  2:30  Factory  
  24  2:35  Factory Reactor  
  24  2:42  Orbital Command  
  24  3:16  Factory Tech Lab  
  24  3:17  Cyclone  
  24  3:18  Cyclone  
  30  3:24  Marine x2  
  32  3:35  Siege Tank  
  34  3:42  Marine x2  
  33  4:08  SCV  
  34  4:14  Siege Tank  
  34  4:16  Cyclone  
  40  4:18  Command Center  
  40  4:26  Marine x2  
  42  4:39  Cyclone  
  42  4:44  Marine x2  
  41  5:57  Siege Tank  
  44  5:58  Cyclone x2  
  44  6:01  Marine x2  
  52  6:04  SCV  
  52  6:05  Refinery  
  52  6:09  SCV  
  54  6:16  SCV  
  55  6:19  Marine x2  
  55  6:21  SCV  
  58  6:28  SCV  
  58  6:29  Siege Tank  
  62  6:36  Refinery  
  62  6:39  Supply Depot  
  62  6:53  Starport  
  62  7:01  Marine x2, SCV  
  63  7:03  Supply Depot  
  65  7:13  SCV  
  66  7:19  Marine x2  
  66  7:20  Rapid Fire Launchers  
  68  7:25  Supply Depot, SCV  
  69  7:30  Starport Tech Lab  
  69  7:31  Starport  
  69  7:37  SCV  
  69  7:39  SCV  
  71  7:49  SCV  
  72  7:52  SCV  
  72  7:54  Raven  
  75  8:00  Supply Depot  
  75  8:02  SCV  
  75  8:04  SCV  
  77  8:11  Starport Reactor  
  77  8:13  Engineering Bay  
  77  8:14  SCV  
  77  8:16  SCV  
  79  8:24  Command Center  
  79  8:28  SCV  
  79  8:30  Supply Depot  
  62  8:59  Cyclone x2  
  62  9:01  Siege Tank  
  57  9:31  Cyclone x2  
  61  9:42  SCV  
  62  9:51  SCV  
  63  9:54  SCV  
  64  10:03  SCV  
  64  10:06  SCV  
  66  10:15  SCV  
  66  10:18  SCV  
  68  10:21  Armory  
  68  10:27  SCV  
  69  10:30  Refinery  
  69  10:31  SCV  
  70  10:39  SCV  
  71  11:04  Raven  
  71  11:07  Siege Tank  
  71  11:10  Armory  
  76  11:17  Terran Vehicle And Ship Armor Level 1  
  76  11:22  SCV  
  76  11:25  SCV  
  78  11:30  Refinery  
  78  11:34  SCV  
  78  11:37  SCV  
  78  11:39  Siege Tank  
  83  11:46  SCV  
  84  11:58  SCV  
  78  12:10  SCV  
  78  12:11  Siege Tank  
  80  12:40  Cyclone x2  
  80  12:43  Thor, Terran Vehicle Weapons Level 1  
  92  12:48  Medivac  
  92  12:50  Viking x2  
  98  13:04  SCV  
  99  13:06  SCV  
  99  13:12  Cyclone x2  
  106  13:16  SCV  
  106  13:18  SCV  
  108  13:20  Viking x2  
  108  13:21  Terran Vehicle And Ship Armor Level 2  
  108  13:26  Siege Tank  
  115  13:28  SCV  
  115  13:30  SCV  
  117  14:13  Supply Depot  
  117  14:25  Command Center  
  117  14:31  Ghost Academy  
  117  14:34  Siege Tank, SCV  
  117  14:36  Supply Depot  
  121  14:46  SCV  
  121  14:51  Cyclone  
  125  14:57  Cyclone  
  125  14:58  Supply Depot  
  125  14:59  SCV  
  129  15:00  Personal Cloaking  
  129  15:01  Ghost Academy  
  129  15:06  Siege Tank  
  132  15:11  SCV  
  133  15:21  Supply Depot  
  133  15:23  SCV, Cyclone  
  137  15:29  Cyclone  
  137  15:35  SCV  
  141  15:38  Thor  
  141  15:41  Barracks  
  147  15:44  Supply Depot  
  147  15:47  SCV  
  147  15:48  Viking  
  147  15:49  Viking  
  152  15:55  Cyclone  
  155  15:58  SCV  
  155  16:01  Cyclone  
  159  16:08  Supply Depot  
  159  16:10  SCV  
  160  16:18  Viking  
  160  16:19  Viking  
  160  16:22  SCV  
  169  16:30  Barracks  
  169  16:34  SCV  
Tags
 
League
GoldGold
Matchup
PvT
Spawn Locations
Cross Positions
Add a new tag
Caveats
  • Supply blocks, unpowered buildings, or Contaminate may cause inaccurate times.
  • Supply counts are checked every 10 seconds.